 Dungeon Crawl Stone Soup version 0.19.1 (webtiles) character file.

48227 Monsterracer the Severer (level 14, -6/132 HPs)
             Began as a Hill Orc Fighter on Nov 25, 2016.
             Was a Believer of Uskayaw.
             Killed from afar by an ogre mage (25 damage)
             ... with a bolt of cold
             ... on level 2 of the Orcish Mines.
             The game lasted 00:46:39 (17656 turns).

Monsterracer the Severer (Hill Orc Fighter)        Turns: 17656, Time: 00:46:41

Health: -6/132     AC: 24    Str: 23    XL:     14   Next: 45%
Magic:  33/33      EV: 10    Int: 11    God:    Uskayaw [**....]
Gold:   1610       SH:  7    Dex: 14    Spells: 4 memorised, 3 levels left

rFire  . . .     SeeInvis .     C - +3 war axe (flame)
rCold  x . .     Gourm    .     j - +5 scale mail of Impatience {MR+}
rNeg   . . .     Faith    .     z - +2 buckler of the City {rElec rF- Str+3 Int+3}
rPois  .         Spirit   .     D - +2 hat
rElec  +         Reflect  .     i - +0 cloak
rCorr  +         Harm     .     P - +2 pair of gloves
MR     ++...                    A - +1 pair of boots
Stlth  ..........               H - amulet of rage
                                b - ring of fire
                                q - ring of Riesay {rCorr MP+9}

@: drained
A: no striking features
a: Stomp, Line Pass, Renounce Religion, Evoke Berserk Rage


You were on level 2 of the Orcish Mines.
You worshipped Uskayaw.
Uskayaw was pleased with you.
You were near starving.

You visited 4 branches of the dungeon, and saw 19 of its levels.
You also visited: Ossuary.

You collected 1610 gold pieces.

Inventory:

Hand Weapons
 C - a +3 war axe of flaming (weapon)
Armour
 i - a +0 cloak (worn)
 j - the +5 scale mail of Impatience (worn) {MR+}
   (You found it on level 3 of the Lair of Beasts)

   It affects your resistance to hostile enchantments.
 k - a +2 chain mail of fire resistance
 t - a +2 leather armour of fire resistance
 z - the +2 buckler of the City (worn) {rElec rF- Str+3 Int+3}
   (You found it on level 4 of the Dungeon)

   It affects your strength (+3).
   It affects your intelligence (+3).
   It makes you vulnerable to fire.
   It insulates you from electricity.
 A - a +1 pair of boots (worn)
 D - a +2 hat (worn)
 J - the +7 chain mail "Soes" {rElec Int-3 Dex+3 Stlth+}
   (You found it on level 7 of the Dungeon)

   It affects your intelligence (-3).
   It affects your dexterity (+3).
   It insulates you from electricity.
   It makes you more stealthy.
 P - a +2 pair of gloves (worn)
Jewellery
 b - a ring of fire (right hand)
 q - the ring of Riesay (left hand) {rCorr MP+9}
   (You acquired it on level 8 of the Dungeon)

   [ring of resist corrosion]

   It affects your magic capacity (+9).
 H - an amulet of rage (around neck)
 Q - a +3 ring of intelligence
Wands
 a - a wand of lightning (6/15)
 c - a wand of lightning (5/15)
 l - a wand of lightning (10/15)
 F - a wand of digging (7/24)
 I - a wand of digging (12/24)
 R - a wand of polymorph (11/24)
 S - a wand of confusion (38/48)
Scrolls
 e - 7 scrolls of identify
 g - 9 scrolls of remove curse
 o - 3 scrolls of fog
 s - 5 scrolls of recharging
 x - 6 scrolls of magic mapping
 y - 6 scrolls of teleportation
 E - 3 scrolls of fear
 K - 3 scrolls of amnesia
 O - 4 scrolls of enchant armour
Potions
 d - 2 potions of might
 r - 9 potions of curing
 u - 4 potions of flight
 v - 4 potions of haste
 G - 3 potions of brilliance
 L - a potion of magic
 M - 2 potions of resistance
 T - a potion of ambrosia
Books
 w - the Tome of Lethal Execration
   (You found it on level 6 of the Lair of Beasts)

   Spells                             Type                      Level
   a - Regeneration                   Charms/Necromancy            3
   b - Vampiric Draining              Necromancy                   3
   c - Leda's Liquefaction            Hexes/Earth                  4
   d - Silence                        Hexes/Air                    5
   e - Agony                          Necromancy                   5
Comestibles
 f - 9 bread rations
 h - 7 meat rations
 n - a royal jelly
 p - 3 beef jerkies
 B - 8 fruits


   Skills:
 + Level 14.1(13.8) Fighting
 - Level 16.5(16.2) Axes
 + Level 13.1(12.8) Armour
 - Level 3.2(3.0) Shields
 + Level 14.1(13.8) Invocations
 - Level 6.0(5.7) Evocations


You had 3 spell levels left.
You knew the following spells:

 Your Spells              Type           Power        Failure   Level  Hunger
a - Blink                 Tloc           N/A          94%         2    ###....
b - Repel Missiles        Chrm/Air       #.....       94%         2    ###....
c - Regeneration          Chrm/Necr      #.........   99%         3    ####...
d - Stone Arrow           Conj/Erth      #.....       99%         3    ####...


Dungeon Overview and Level Annotations

Branches:
Dungeon (10/15)            Temple (1/1) D:7            Lair (6/6) D:9
 Shoals (0/4) Lair:3       Spider (0/4) Lair:4        Slime (0/5) Lair:5
    Orc (2/2) D:9             Elf (0/3) Orc:2

Altars:
Ashenzari
Cheibriados
Dithmenos
Elyvilon
Fedhas
Gozag
Hepliaklqana
Kikubaaqudgha
Makhleb
Nemelex Xobeh
Okawaru
Qazlal
Ru
Sif Muna
Trog
Uskayaw
Vehumet
Xom
Yredelemnul
Zin
The Shining One
Jiyva

Shops:
D:6 !   Orc:2 (:(=


Message History

The bolt of fire hits you!
* * * LOW HITPOINT WARNING * * *
You start resting.
You hit the ogre. You burn the ogre.
The ogre is moderately wounded.
You hit the ogre. You burn the ogre.
The ogre is heavily wounded.
The ogre closely misses you.
The ogre mage hits you from afar with a halberd!
* * * LOW HITPOINT WARNING * * *
You slice the ogre!! You burn the ogre.
You kill the ogre!
You can now pass through a line of other dancers.
The ogre mage casts a spell at something.
You hear a shout!
You slash the ogre mage! You burn the ogre mage.
The ogre mage is moderately wounded.
The ogre mage points at you and mumbles some strange words.
The bolt of cold hits you!
You feel a terrible chill!
You die...

##.#.....#...#.## .##
.##........#..#...# ...#
...............#.## #....
..................##....#
....#.#...............#
...........)..........#
..#.#......).)...))..##
....#..........†......#
...........#....@#)...#
...$...........O##.#.##
..........#...........#
..)..................##
.))......#............#
).)).................#...
.........................
........................##
.......................##


You could see an ogre mage.

Vanquished Creatures
  Gastronok (D:9)
  The ghost of Zebulonius the Severer, a journeyman MiBe of Trog (Lair:4)
  Snorg (Orc:1)
  6 hydras
  Harold (Orc:1)
  A centaur warrior (D:10)
  An ogre mage (Orc:2)
  5 death yaks (Lair:6)
  An unseen horror (D:10)
  A hill giant (D:8)
  A lindwurm (Lair:4)
  2 orc sorcerers (Orc:1)
  2 black mambas
  A siren (Lair:3)
  17 spiny frogs
  3 rime drakes
  2 centaur skeletons (D:10)
  5 komodo dragons
  5 polar bears (Lair:6)
  9 two-headed ogres
  5 hornets (Lair:6)
  3 trolls
  Grinder (D:3)
  4 blink frogs (Lair:3)
  8 hippogriffs
  Sigmund (D:3)
  11 spriggans (Lair:6)
  A redback (Lair:6)
  A wyvern (Lair:6)
  32 yaks
  2 hungry ghosts
  5 wargs
  12 water moccasins
  7 porcupines
  5 orc warriors
  3 sky beasts
  4 black bears
  An ice beast (D:9)
  2 boggarts (Lair:6)
  2 phantoms
  An eye of draining (D:9)
  17 ogres
  18 wolves (Lair:6)
  5 centaurs
  8 crocodiles
  12 bullfrogs
  2 big kobolds
  2 wyvern skeletons
  4 scorpions
  3 killer bees (D:10)
  8 wights
  2 bullfrog zombies
  8 howler monkeys
  A crimson imp (D:6)
  A quasit (D:10)
  2 human zombies (Ossuary)
  4 centaur zombies
  2 hounds (D:9)
  11 orc priests
  2 jellies
  10 orc wizards
  2 bullfrog skeletons (D:10)
  3 iguanas
  Natasha (twice) (D:2)
  10 worker ants
  A killer bee zombie (D:5)
  2 big kobold zombies (Ossuary)
  A hound zombie (D:6)
  A hound skeleton (D:9)
  2 mummies (Ossuary)
  A howler monkey zombie (D:5)
  A worker ant zombie (D:8)
  7 gnolls
  13 adders
  A howler monkey skeleton (D:4)
  5 shadow imps
  2 oozes
  A worm zombie (D:6)
  3 adder zombies
  A worm (D:4)
  A dart slug (D:3)
  8 leopard geckos
  38 orcs
  2 ball pythons
  9 bats
  5 giant cockroaches
  9 goblins
  12 hobgoblins
  9 jackals
  2 quokkas
  6 frilled lizards
  2 goblin zombies
  10 hobgoblin zombies (Ossuary)
  A jackal zombie (Ossuary)
  23 kobolds
  9 kobold zombies (Ossuary)
  9 orc zombies
  A quokka skeleton (D:4)
  A quokka zombie (D:6)
  6 rats
  A rat zombie (Ossuary)
  3 fungi
  A plant (Lair:3)
526 creatures vanquished.

Vanquished Creatures (others)
  An orc priest (Orc:1)
  2 plants (Lair:6)
3 creatures vanquished.

Grand Total: 529 creatures vanquished

Notes
Turn   | Place    | Note
-------+----------+-------------------------------------------
     0 | D:1      | Monsterracer the Hill Orc Fighter began the quest for the Orb.
     0 | D:1      | Reached XP level 1. HP: 19/19 MP: 1/1
   101 | D:1      | Reached skill level 3 in Axes
   130 | D:1      | Reached XP level 2. HP: 20/26 MP: 2/2
   283 | D:1      | Reached skill level 4 in Axes
   693 | D:2      | Reached XP level 3. HP: 30/31 MP: 3/3
  1004 | D:2      | Reached skill level 5 in Axes
  1090 | D:2      | Reached XP level 4. HP: 38/39 MP: 4/4
  1242 | D:2      | Noticed Natasha
  1248 | D:2      | Killed Natasha
  1248 | D:2      | Reached skill level 6 in Axes
  1318 | D:2      | Noticed Natasha
  1322 | D:2      | Killed Natasha
  1322 | D:2      | Reached XP level 5. HP: 44/45 MP: 5/5
  1558 | D:3      | Reached skill level 7 in Axes
  2258 | D:3      | Noticed Sigmund
  2271 | D:3      | Killed Sigmund
  2271 | D:3      | Reached skill level 8 in Axes
  2271 | D:3      | Reached XP level 6. HP: 42/51 MP: 6/6
  2273 | D:3      | Noticed Grinder
  2273 | D:3      | Paralysed by Grinder for 3 turns
  2278 | D:3      | Paralysed by Grinder for 6 turns
  2285 | D:3      | Killed Grinder
  2285 | D:3      | Reached skill level 10 in Axes
  2285 | D:3      | Reached XP level 7. HP: 23/57 MP: 7/7
  2891 | D:4      | Found a blossoming altar of Fedhas.
  3145 | D:4      | Got an ancient buckler
  3156 | D:4      | Identified the +2 buckler of the City {rElec rF- Str+3 Int+3} (You found it on level 4 of the Dungeon)
  3240 | D:5      | Entered Level 5 of the Dungeon
  3251 | D:5      | Reached skill level 11 in Axes
  3495 | D:5      | Reached XP level 8. HP: 63/64 MP: 8/8
  3605 | D:5      | Reached skill level 12 in Axes
  4225 | D:6      | Reached skill level 13 in Axes
  4414 | D:6      | Found a sand-covered staircase.
  4423 | Ossuary  | Entered an ossuary
  4739 | D:6      | Found a stormy altar of Qazlal.
  4823 | D:6      | Reached skill level 14 in Axes
  4823 | D:6      | Reached XP level 9. HP: 37/70 MP: 9/9
  5060 | D:6      | Found Anirphe's Distillery.
  5295 | D:7      | Reached skill level 15 in Axes
  5542 | D:7      | Found a staircase to the Ecumenical Temple.
  5552 | Temple   | Entered the Ecumenical Temple
  5647 | Temple   | Became a worshipper of Uskayaw the Reveler
  5739 | D:7      | Learned a level 2 spell: Blink
  5742 | D:7      | Learned a level 2 spell: Repel Missiles
  5744 | D:7      | Learned a level 1 spell: Sandblast
  5748 | D:7      | Learned a level 3 spell: Stone Arrow
  5962 | D:7      | Reached * piety under Uskayaw
  5970 | D:7      | Reached ** piety under Uskayaw
  6299 | D:7      | Got an ancient chain mail
  6312 | D:7      | Identified the +7 chain mail "Soes" {rElec Int-3 Dex+3 Stlth+} (You found it on level 7 of the Dungeon)
  6535 | D:8      | Noticed a troll
  6541 | D:8      | Killed a troll
  6541 | D:8      | Reached *** piety under Uskayaw
  6714 | D:8      | Reached skill level 16 in Axes
  6721 | D:8      | Reached **** piety under Uskayaw
  6724 | D:8      | Reached skill level 5 in Fighting
  6724 | D:8      | Reached XP level 10. HP: 81/81 MP: 10/10
  6724 | D:8      | Reached ***** piety under Uskayaw
  6738 | D:8      | Noticed a hill giant
  6757 | D:8      | Killed a hill giant
  6757 | D:8      | Reached skill level 5 in Armour
  7081 | D:8      | Identified a scroll of acquirement
  7084 | D:8      | Got a smoking platinum ring
  7085 | D:8      | Identified the ring of Riesay {rCorr MP+9} (You acquired it on level 8 of the Dungeon)
  7374 | D:8      | Reached skill level 1 in Invocations
  7779 | D:9      | Noticed Gastronok
  7806 | D:9      | Killed Gastronok
  7806 | D:9      | Reached skill level 5 in Invocations
  7806 | D:9      | Reached XP level 11. HP: 65/94 MP: 15/15
  8248 | D:9      | Reached ****** piety under Uskayaw
  8503 | D:9      | Found a staircase to the Orcish Mines.
  8545 | D:9      | Found a staircase to the Lair.
  8835 | D:10     | Entered Level 10 of the Dungeon
  8928 | D:10     | Killed an unseen horror
  9141 | D:10     | Noticed a centaur warrior
  9161 | D:10     | Killed a centaur warrior
  9847 | Lair:1   | Entered Level 1 of the Lair of Beasts
  9852 | Lair:1   | Noticed a six-headed hydra
  9862 | Lair:1   | Killed a one-headed hydra
  9982 | Lair:1   | Reached skill level 10 in Fighting
 10148 | Lair:1   | Reached XP level 12. HP: 102/106 MP: 18/18
 10212 | Lair:1   | Noticed a five-headed hydra
 10213 | Lair:1   | Noticed a seven-headed hydra
 10219 | Lair:1   | Killed a one-headed hydra
 10223 | Lair:1   | Reached skill level 10 in Armour
 10223 | Lair:1   | Killed a five-headed hydra
 10409 | Lair:1   | Reached skill level 10 in Invocations
 11794 | Lair:3   | Found a staircase to the Shoals.
 11916 | Lair:3   | Got a scorched scale mail
 11927 | Lair:3   | Identified the +5 scale mail of Impatience {MR+} (You found it on level 3 of the Lair of Beasts)
 12559 | Lair:4   | Found a stormy altar of Qazlal.
 12564 | Lair:4   | Reached skill level 1 in Evocations
 12576 | Lair:4   | Noticed a four-headed hydra
 12583 | Lair:4   | Killed a one-headed hydra
 12899 | Lair:4   | Reached XP level 13. HP: 107/117 MP: 21/21
 13120 | Lair:4   | Noticed Zebulonius's ghost (journeyman MiBe)
 13136 | Lair:4   | Killed Zebulonius's ghost
 13446 | Lair:4   | Found a hole to the Spider Nest.
 14514 | Lair:5   | Found a staircase to the Slime Pits.
 14514 | Lair:5   | Found a viscous altar of Jiyva.
 14800 | Lair:6   | Entered Level 6 of the Lair of Beasts
 15329 | Lair:6   | Reached skill level 5 in Evocations
 15348 | Lair:6   | Reached XP level 14. HP: 38/129 MP: 5/23
 15786 | Lair:6   | Identified the Tome of Lethal Execration
 15800 | Lair:6   | Learned a level 3 spell: Regeneration
 15839 | Lair:6   | Gained mutation: You are frail. (-10% HP) [potion of mutation]
 15839 | Lair:6   | Gained mutation: Scrolls take you a little longer to read. [potion of mutation]
 15840 | Lair:6   | Lost mutation: You are frail. (-10% HP) [potion of cure mutation]
 15840 | Lair:6   | Lost mutation: Scrolls take you a little longer to read. [potion of cure mutation]
 16477 | Orc:1    | Entered Level 1 of the Orcish Mines
 16481 | Orc:1    | Noticed Harold
 16492 | Orc:1    | Killed Harold
 16923 | Orc:2    | Entered Level 2 of the Orcish Mines
 16983 | Orc:1    | Noticed Snorg
 16992 | Orc:1    | Killed Snorg
 17055 | Orc:1    | Found a bloodstained altar of Trog.
 17510 | Orc:2    | Found Zann's Jewellery Shoppe.
 17510 | Orc:2    | Found Purokk's Book Shop.
 17510 | Orc:2    | Found Ychuisch's Antique Weapon Shop.
 17510 | Orc:2    | Found Cufar's Antique Weapon Emporium.
 17523 | Orc:2    | Found a staircase to the Elven Halls.
 17656 | Orc:2    | Killed from afar by an ogre mage

Skill      XL: |  1  2  3  4  5  6  7  8  9 10 11 12 13 14 |
---------------+-------------------------------------------+-----
Axes           | 3 4 5 6 8 10 11 14 16 | 16.5
Fighting       | 5 7 10 11 13 14 | 14.1
Armour         | 4 7 9 11 12 13 | 13.1
Invocations    | 5 9 11 13 14 | 14.1
Evocations     | 2 5 6 |  6.0
Shields        | |  3.2

Action                   |  1- 3 |  4- 6 |  7- 9 | 10-12 | 13-15 || total
-------------------------+-------+-------+-------+-------+-------++-------
Melee: War axe           |   102 |   183 |   382 |   491 |   392 ||  1550
Invok: Stomp             |       |       |       |     3 |    16 ||    19
       Line Pass         |       |       |       |     1 |     6 ||     7
       Grand Finale      |       |       |       |       |     1 ||     1
 Abil: Evoke Berserk Rag |       |       |       |       |     4 ||     4
  Use: Potion            |     2 |     4 |     5 |     4 |     6 ||    21
       Scroll            |       |       |    13 |    12 |     3 ||    28
 Stab: Paralysed         |       |       |     2 |    33 |    35 ||    70
       Confused          |       |       |       |       |     2 ||     2
  Eat: Chunk             |     1 |     4 |    25 |    18 |    16 ||    64
       Pizza             |       |       |       |     1 |       ||     1
       Beef jerky        |       |       |       |       |     2 ||     2
       Royal jelly       |       |       |       |       |     1 ||     1
Armor: Scale mail        |    29 |       |       |       |    40 ||    69
       Chain mail        |    42 |   105 |   134 |   217 |   204 ||   702
Dodge: Dodged            |    43 |    34 |    92 |   116 |   144 ||   429
Block: Shield            |    68 |   101 |    30 |       |       ||   199
       Buckler           |       |       |    71 |   118 |   129 ||   318
